 Dungeon Crawl Stone Soup version 0.24.0-13-gcf9b3192b9 (console) character file.

Game seed: 4065153983229094883, levelgen mode: deterministic

3378 AlterAsc the Martial Artist (level 10, 0/76 HPs)
             Began as a Vine Stalker Transmuter on Nov 9, 2019.
             Succumbed to a hornet's poison
             ... on level 8 of the Dungeon.
             The game lasted 00:17:48 (7191 turns).

AlterAsc the Martial Artist (VSTm)                  Turns: 7191, Time: 00:17:48

Health: 0/76       AC: 29    Str: 15    XL:     10   Next: 3%
Magic:  4/20       EV:  2    Int: 18    God:
Gold:   426        SH:  0    Dex: 16    Spells: 13/21 levels left

rFire    . . .     SeeInvis .     - Unarmed
rCold    . . .     Gourm    .   (no shield)
rNeg     + + +     Faith    .   (armour currently unavailable)
rPois    +         Spirit   +   (helmet currently unavailable)
rElec    .         Reflect  .   (cloak currently unavailable)
rCorr    .         Harm     .   (gloves currently unavailable)
MR       +....     NoTele   +   (boots currently unavailable)
Stlth    +.........             r - amulet of regeneration
HPRegen  1.02/turn              e - +3 ring of evasion
MPRegen  0.17/turn              B - +4 ring of protection

@: brilliant, lethally poisoned (0 -> -4), tree-form
A: regeneration 1, magic shield, no potion heal 3, rot immunity
a: no special abilities


You were on level 8 of the Dungeon.
You were hungry.
You were a tree.
You visited 2 branches of the dungeon, and saw 9 of its levels.

You collected 426 gold pieces.

Inventory:

Missiles
 a - 61 arrows
 f - 42 poisoned darts (quivered)
Armour
 b - a +0 robe (melded)
 i - a +0 ring mail
 l - a +0 helmet (melded)
 q - a scarf of repulsion (melded)
 D - a +0 plate armour
Jewellery
 e - a +3 ring of evasion (left branch)
 n - a +4 ring of dexterity
 r - an amulet of regeneration (around neck)
 B - a +4 ring of protection (right branch)
Scrolls
 j - a scroll of random uselessness {unknown}
 k - 5 scrolls of remove curse
 m - 2 scrolls of enchant weapon
 p - 2 scrolls of immolation
 s - 2 scrolls of fog
 t - 2 scrolls of amnesia
 v - a scroll of teleportation {unknown}
 w - 2 scrolls of fear
 y - a scroll of enchant armour {unknown}
 C - a scroll of magic mapping {unknown}
 E - 5 scrolls of identify
Potions
 c - 2 potions of brilliance
 g - 2 potions of lignification
 h - 2 potions of curing {unknown}
 o - 4 potions of mutation {unknown}
 u - a potion of agility
 x - a potion of cancellation {unknown}
 z - a potion of might {unknown}
Comestibles
 d - 12 rations
 A - 2 chunks of flesh


   Skills:
 + Level 5.2 Fighting
 - Level 1.6 Dodging
 * Level 8.8 Unarmed Combat
 - Level 6.0 Spellcasting
 - Level 8.0 Transmutations


You had 13 spell levels left.
You knew the following spells:

 Your Spells              Type           Power        Failure   Level  Hunger
a - Beastly Appendage     Tmut           #####.       1%          1    None
b - Sticks to Snakes      Tmut           #####...     1%          2    None
c - Blade Hands           Tmut           #####.....   1%          5    #####..

Your spell library contained the following spells:

 Spells                   Type           Power        Failure   Level  Hunger
 Summon Small Mammal      Summ           ###.         1%          1    None
 Spider Form              Tmut/Pois      ####......   1%          3    ##.....
 Call Imp                 Summ           ###.....     2%          2    None
 Ice Form                 Ice/Tmut       ####....     2%          4    ####...
 Call Canine Familiar     Summ           ###.....     4%          3    ##.....
 Summon Guardian Golem    Hex/Summ       ###.....     4%          3    ##.....
 Summon Ice Beast         Ice/Summ       ###.....     13%         4    ####...
 Summon Lightning Spire   Summ/Air       ###.....     13%         4    ####...


Dungeon Overview and Level Annotations

Branches:
Dungeon (8/15)             Temple (1/1) D:6
   Lair: D:8-11

Altars:
Cheibriados
Dithmenos
Elyvilon
Fedhas
Gozag
Hepliaklqana
Kikubaaqudgha
Makhleb
Nemelex Xobeh
Okawaru
Qazlal
Ru
Sif Muna
Trog
Uskayaw
Vehumet
Xom
Yredelemnul
Zin
The Shining One

Shops:
D:5 (   D:7 (

Annotations:
D:7 3 runed translucent doors, larifari's ghost, novice OgEn


Innate Abilities, Weirdness & Mutations

((You have razor-sharp teeth.))
Your natural rate of healing is unusually fast.
When hurt, damage is shared between your health and your magic reserves.
((Your bite disrupts and absorbs the magic of your enemies.))
Potions cannot restore your health.
You are immune to rotting.


Message History

The orc hits you with a +0 mace.
* * * LOW HITPOINT WARNING * * *
It was a potion of brilliance.
You feel clever all of a sudden.
* * * LOW HITPOINT WARNING * * *
You feel very sick.
It was a potion of lignification.
Your hands revert to their normal proportions.
You turn into a tree.
Your scarf of repulsion melds into your body.
Your +0 helmet melds into your body.
Your +0 robe melds into your body.
The haze of the repulsion field disappears.
Your roots penetrate the ground.
You feel yourself speed up.
* * * LOW HITPOINT WARNING * * *
You feel very sick. The orc hits you but does no damage.
The orc barely misses you.
You hit the orc.
The orc is heavily wounded.
You die...

..... ..# ..... #. ..# ..... #.#
#.####### ...## #.# #..<[...#
.).# #.###..##.#.##
##########.## #......##..... ###
#.....(.....###...##.####.##
##.###.####.##..ooo).#.##.####.#
#...##.####.##..♣###...##......#
..#.......(((....#.......#######
#...##.####.###..#.#...#.#
##.###.####)###..#.......# #.#
#....(()....#.......#
##.########.######.......# #...#
#.....# #.#...#.# #...# #.....#
#...#...# #...# #.....#
##.###.##


You could see 3 orcs.

Vanquished Creatures
  A troll (D:6)
  A hornet (D:8)
  Prince Ribbit (D:5)
  3 orc warriors
  A sky beast (D:7)
  2 ice beasts
  An ogre (D:7)
  2 necrophages (D:7)
  A phantom (D:6)
  A big kobold (D:8)
  4 bullfrogs
  A gnoll sergeant (D:7)
  A scorpion (D:7)
  5 killer bees (D:7)
  2 howler monkeys (D:7)
  3 crimson imps
  A centaur zombie (D:7)
  3 hounds
  A bullfrog skeleton (D:6)
  3 orc priests
  A jelly (D:7)
  4 orc wizards
  3 iguanas
  9 worker ants
  2 hound skeletons
  5 gnolls (D:7)
  15 adders
  A shadow imp (D:4)
  3 oozes
  An adder zombie (D:5)
  5 worms
  3 dart slugs
  5 leopard geckos
  18 orcs
  2 ball pythons
  3 giant cockroaches
  15 hobgoblins
  8 jackals
  13 kobolds
  4 quokkas
  14 bats
  8 frilled lizards
  6 goblins
  A quokka skeleton (D:6)
  4 rats
191 creatures vanquished.

Notes
Turn   | Place    | Note
-------+----------+-------------------------------------------
     0 | D:1      | AlterAsc the Vine Stalker Transmuter began the quest for
                  | the Orb.
     0 | D:1      | Reached XP level 1. HP: 9/9 MP: 4/4
    73 | D:1      | Reached skill level 1 in Fighting
   125 | D:1      | Reached XP level 2. HP: 10/14 MP: 3/6
   394 | D:1      | Reached XP level 3. HP: 11/18 MP: 4/7
   976 | D:1      | Gained mutation: Your natural rate of healing is unusually
                  | fast. [Vine Stalker growth]
   976 | D:1      | Reached XP level 4. HP: 9/22 MP: 5/9
  1372 | D:2      | Reached XP level 5. HP: 22/26 MP: 8/10
  1576 | D:3      | Learned a level 2 spell: Sticks to Snakes
  1582 | D:3      | Learned a level 5 spell: Blade Hands
  1600 | D:3      | Found a radiant altar of Vehumet.
  1981 | D:3      | Reached XP level 6. HP: 21/31 MP: 9/12
  2060 | D:3      | Found a shimmering altar of Xom.
  2980 | D:4      | Reached skill level 5 in Unarmed Combat
  3666 | D:4      | Reached XP level 7. HP: 34/35 MP: 10/13
  3731 | D:5      | Entered Level 5 of the Dungeon
  3851 | D:5      | Noticed Prince Ribbit
  3872 | D:5      | Killed Prince Ribbit
  4268 | D:5      | Found a blossoming altar of Fedhas.
  4356 | D:5      | Gained mutation: You have razor-sharp teeth. [Vine Stalker
                  | growth]
  4356 | D:5      | Reached XP level 8. HP: 40/40 MP: 13/15
  4442 | D:5      | Found Zujick's Antique Weapon Boutique.
  4914 | D:6      | Reached skill level 5 in Transmutations
  5010 | D:6      | Found a staircase to the Ecumenical Temple.
  5030 | Temple   | Entered the Ecumenical Temple
  5487 | D:6      | Found an ancient bone altar of Kikubaaqudgha.
  5492 | D:6      | Found a hide-covered altar of Uskayaw.
  5492 | D:6      | Found a bloodstained altar of Trog.
  5730 | D:6      | Found a glowing golden altar of the Shining One.
  5941 | D:6      | Noticed a troll
  5951 | D:6      | Killed a troll
  5951 | D:6      | Reached skill level 5 in Spellcasting
  6030 | D:7      | Found a white marble altar of Elyvilon.
  6060 | D:7      | Reached XP level 9. HP: 32/45 MP: 9/17
  6714 | D:7      | Found Liennion's Antique Weapon Shoppe.
  6894 | D:7      | Found a runed translucent gate.
  6894 | D:7      | Found a runed translucent gate.
  6894 | D:7      | Found a runed translucent gate.
  6894 | D:7      | Noticed larifari's ghost (novice OgEn)
  7113 | D:8      | Found a hazy altar of Hepliaklqana.
  7120 | D:8      | Reached skill level 5 in Fighting
  7174 | D:8      | Found the +8 whip "Snakebite" {curare, rPois}
  7175 | D:8      | Noticed a hornet
  7183 | D:8      | Paralysed by a hornet for 2 turns
  7186 | D:8      | Killed a hornet
  7186 | D:8      | Reached XP level 10. HP: 12/51 MP: 3/20
  7189 | D:8      | HP: 1/51 [poisoned by a hornet]
  7191 | D:8      | Succumbed to a hornet's poison

Levels and vault maps discovered:
D:1:      nzn_arrival_crosshair, layout_rooms
D:2:      layout_rooms, minivault_27
D:3:      minmay_spotlight, layout_basic, lemuel_round_altar, marbit_many_paths,
          mrwooster_statue_mirror
D:4:      layout_basic, first_ration
D:5:      layout_layer_cave, nicolae_overflow_hidden_temple, serial_shops, shop,
          kennysheep_cross_bottleneck, uniq_prince_ribbit1
D:6:      layout_cave_pods, grunt_temple_overflow_open,
          minmay_temple_entry_statues, basic_altar
D:7:      layout_basic, lemuel_crystal_altar, ebering_ghost_rock_garden,
          serial_rivers, chequers_serial_rivers_micro_b,
          chequers_serial_rivers_room_a, chequers_serial_rivers_micro_d,
          chequers_serial_rivers_small_a, chequers_serial_rivers_small_3,
          chequers_serial_rivers_small_3, serial_shops, shop
D:8:      layout_loops_cross, lemuel_crystal_altar, lemuel_crystal_altar
Temple:   minmay_temple_forest_path

Skill      XL: |  1  2  3  4  5  6  7  8  9 |
---------------+----------------------------+-----
Fighting       | 1 2 3 4 5 |  5.2
Unarmed Combat | 4 5 6 7 8 |  8.8
Spellcasting   | 3 4 5 6 |  6.0
Transmutations | 3 4 6 8 |  8.0
Dodging        | |  1.6

Action                   |  1- 3 |  4- 6 |  7- 9 | 10-12 || total
-------------------------+-------+-------+-------+-------++-------
Melee: Unarmed           |   103 |   238 |   341 |     1 ||   683
       Bite              |    19 |    57 |    91 |       ||   167
       Kick              |     2 |    52 |    68 |       ||   122
       Punch             |     5 |     4 |    10 |       ||    19
       Headbutt          |     6 |     3 |       |       ||     9
Throw: Dart              |    20 |       |       |       ||    20
 Cast: Beastly Appendage |    11 |    41 |    32 |       ||    84
       Sticks to Snakes  |       |       |     1 |       ||     1
       Blade Hands       |       |       |     9 |       ||     9
  Use: Scroll            |       |     4 |     2 |       ||     6
       Potion            |       |       |       |     2 ||     2
 Stab: Sleeping          |     4 |       |     1 |       ||     5
  Eat: Chunk             |       |    10 |    15 |       ||    25
Armor: Robe              |    35 |    18 |    18 |       ||    71
       Ring mail         |       |    32 |    78 |       ||   110
       Skin              |       |       |       |     1 ||     1
Dodge: Dodged            |    92 |   169 |   238 |     2 ||   501
       Deflected         |       |     3 |     1 |       ||     4
